 Dungeon Crawl Stone Soup version 0.29.1-15-g9cfb28693d (webtiles) character file.

Game seed: 7686290963014761097

198 malark the Covered (level 6, -2/79 HPs)
             Began as a Meteoran Fighter on Mar 22, 2023.
             Was an Initiate of Okawaru.
             Slain by a gnoll
             ... wielding a +0 halberd
              (8 damage)
             ... on level 4 of the Dungeon.
             The game lasted 00:09:24 (2102 turns).

malark the Covered (Meteoran Fighter)               Turns: 2102, Time: 00:09:24

Health: -2/79      AC: 12    Str: 19    XL:     6   Next: 27%
Magic:  7/7        EV:  9    Int: 10    God:    Okawaru [......]
Gold:   159        SH:  5    Dex: 14    Spells: 5/5 levels left

rFire   . . .      SeeInvis .   a - +1 flail
rCold   . . .      Faith    .   c - +0 buckler
rNeg    . . .      Spirit   .   b - +1 scale mail
rPois   .          Reflect  .   (no helmet)
rElec   .          Harm     .   (no cloak)
rCorr   .          Rampage  .   (no gloves)
Will    .....                   (no boots)
Stlth   ..........              (no amulet)
HPRegen 0.23/turn               m - +4 ring of protection
MPRegen 0.10/turn               (no ring)

@: mighty, berserking (expiring), glowing, very quick
A: sense surroundings 1, otherworldly, glowing, explore regen
a: Renounce Religion


You were on level 4 of the Dungeon.
You worshipped Okawaru.
Okawaru was noncommittal.
You visited 1 branch of the dungeon, and saw 4 of its levels.
You also visited: Sewer.

You collected 159 gold pieces.

Inventory:

Hand Weapons
 a - a +1 flail (weapon)
Armour
 b - a +1 scale mail (worn)
 c - a +0 buckler (worn)
Jewellery
 m - a +4 ring of protection (left hand)
Wands
 f - a wand of iceblast (11)
Scrolls
 j - a scroll of magic mapping
Potions
 d - 2 potions of might
 e - a potion of berserk rage
 h - 2 potions of flight
 k - a potion of heal wounds {unknown}
 l - 2 potions of ambrosia {unknown}
 q - 2 potions of invisibility
 r - a potion of brilliance {unknown}


   Skills:
 + Level 4.4 Fighting
 + Level 4.4 Maces & Flails
 + Level 4.9 Armour
 + Level 4.8 Shields


You had 5 spell levels left.
You didn't know any spells.
Your spell library contained the following spells:

 Spells                   Type           Power      Damage    Failure   Level
 Ozocubu's Armour         Ice            0%         N/A       99%         3
 Portal Projectile        Hex/Tloc       0%         N/A       99%         3
 Blade Hands              Tmut           0%         N/A       100%        5
 Metabolic Englaciation   Hex/Ice        0%         N/A       100%        5
 Tukima's Dance           Hex            Unusable   N/A       N/A         3
 Simulacrum               Ice/Necr       Unusable   N/A       N/A         6

Dungeon Overview and Level Annotations

Branches:
Dungeon (4/15) Zot: 543     Sewer (visited)
 Temple: D:4-7

Altars:
Okawaru
Qazlal

Shops:
D:1 :(   D:2 :   D:4 =

Annotations:
D:3 3 runed translucent doors, soepkip's ghost, amateur HOMo


Innate Abilities, Weirdness & Mutations

You passively map a small area around you.
You are easily found by Zot.
You glow in the dark.
You regain HP and MP as you explore.


Message History

The gnoll hits you from afar with a +0 halberd!
The gnoll hits you but does no damage.
You feel very mighty all of a sudden. The gnoll hits you but does no damage.
The gnoll hits you from afar with a +0 halberd.
A red film seems to cover your vision as you go berserk!
You feel yourself moving faster!
You feel mighty!
The gnoll hits you from afar with a +0 halberd!
* * * LOW HITPOINT WARNING * * *
The gnoll hits you but does no damage.
You barely miss the gnoll.
The gnoll is moderately wounded.
You thump the gnoll!
You kill the gnoll!
Okawaru accepts your kill.
The gnoll hits you from afar with a +0 halberd!
* * * LOW HITPOINT WARNING * * *
You bludgeon the gnoll!!
You kill the gnoll!
Okawaru accepts your kill. You block the gnoll's attack.
You bludgeon the adder!!
You kill the adder!
Okawaru accepts your kill. The gnoll hits you but does no damage.
You hit the gnoll.
The gnoll is heavily wounded.
You hit the gnoll.
The gnoll is almost dead.
The gnoll barely misses you. You block the gnoll's attack.
You sock the gnoll!
You kill the gnoll!
Okawaru accepts your kill.
The gnoll hits you from afar with a +0 halberd.
* * * LOW HITPOINT WARNING * * *
You bludgeon the goblin!!
You kill the goblin!
Okawaru accepts your kill.
The gnoll hits you from afar with a +0 halberd!
You die...

* *,***,*,,,,*,,,,*,,,..,*,,,,,,
* **,,,*##,,,*,,,,,*,...,*,,,,,*
* *,,,,#.###,*,,,,*...,,,*,***,
*** *,,,,,#...#*#,,,#..,,,***,,,,
,,* **,,,,#....#.###.#,***,*,,,,,
,,***##,,,#.!<..#...##*,,,,,*,,<,
,,,,,#.###,#....#g...#...,,,*,,,,
****,,#...###...#).:..#,,,,,*,,,,
## **,#....#.###@#....#,,,,,,*,**
.## *,#.....#...###...#,,,,,***,,
..# ***#....#....#.###.#,***,*,,,
~~# *#...#.....#,,,*#*,,,,,*,,
~~##########.#....#,,,,*,,,,,,*,,
~~#.........###...#,,,,,*,,,,,*,,
~~#.........#*.###.#,,,,*,,,,,,*,
.~#.........+,.,,,##*,,,*,,,,,***
†~#.........#,#,*,,,,***,*,****


You could see a gnoll.

Vanquished Creatures
  A hound (D:4)
  A hell rat (Sewer)
  3 gnolls (D:4)
  2 adders
  3 river rats (Sewer)
  3 dart slugs
  An orc (D:3)
  3 endoplasms
  5 giant cockroaches
  4 goblins
  3 hobgoblins
  5 jackals
  5 quokkas
  8 ball pythons
  5 bats
  3 frilled lizards
  4 kobolds (D:1)
  11 rats
70 creatures vanquished.

Notes
Turn   | Place    | Note
-------+----------+-------------------------------------------
     0 | D:1      | malark the Meteoran Fighter began the quest for the Orb.
     0 | D:1      | Reached XP level 1. HP: 19/19 MP: 2/2
    89 | D:1      | Reached XP level 2. HP: 22/26 MP: 3/3
   221 | D:1      | Found a faded altar of an unknown god.
   304 | D:1      | Found Gekhlof's Book Boutique.
   406 | D:1      | Reached XP level 3. HP: 31/31 MP: 4/4
   464 | D:1      | Found Meguragg's Weapon Boutique.
   488 | D:1      | Glimpsed the power of Zot.
   538 | D:1      | Glimpsed the power of Zot.
   578 | D:1      | Glimpsed the power of Zot.
   588 | D:1      | Touched by the power of Zot.
  1005 | D:2      | Found Veqeclic's Vocational Training.
  1055 | D:2      | Reached XP level 4. HP: 31/31 MP: 5/5
  1275 | D:2      | Glimpsed the power of Zot.
  1350 | D:3      | Found an iron altar of Okawaru.
  1357 | D:3      | Became a worshipper of Warmaster Okawaru
  1554 | D:3      | Found a stormy altar of Qazlal.
  1609 | D:3      | Found a runed translucent gate.
  1609 | D:3      | Found a runed translucent gate.
  1610 | D:3      | Found a runed translucent gate.
  1611 | D:3      | Noticed soepkip's ghost (amateur HOMo)
  1864 | D:3      | Glimpsed the power of Zot.
  1887 | D:4      | Found Sopusche's Jewellery Shop.
  1916 | D:4      | Found a glowing drain.
  1950 | Sewer    | Entered a sewer
  1964 | Sewer    | Reached XP level 5. HP: 32/41 MP: 6/6
  2086 | D:4      | Reached XP level 6. HP: 27/52 MP: 7/7
  2102 | D:4      | Slain by a gnoll

Illustrated notes

Levels and vault maps discovered:
D:1:      lightli_arrival_chessboard, layout_loops_cross,
          shapermc_ecumenical_altar_acropolis, serial_shops,
          nicolae_shop_hallway_stairs, nicolae_shop_stone, serial_bayou_pond_e
D:2:      layout_basic, nicolae_shop_vocational
D:3:      layout_basic, mainiacjoe_overflow_24_doors,
          mainiacjoe_overflow_tiny_flanked, ebering_ghost_rock_garden,
          chequers_serial_rivers_room_b
D:4:      nicolae_BIG_FREAKIN_CUBE, layout_basic, nicolae_ashenzari_skybound,
          serial_shops, nicolae_stop_n_shop_1, portal_sewer_entry_f,
          roderic_batcave, serial_park_tiny_pond,
          amcnicky_mini_rare_corridor_liquid, kennysheep_generic_room_2

Skill      XL: |  1  2  3  4  5 |
---------------+----------------+-----
Maces & Flails | 3 4 |  4.4
Armour         | 4 |  4.9
Shields        | 4 |  4.8
Fighting       | 4 |  4.4

Action                   |  1- 3 |  4- 6 || total
-------------------------+-------+-------++-------
Melee: Flail             |    72 |   135 ||   207
  Use: Scroll            |       |    11 ||    11
       Potion            |       |     4 ||     4
Armor: Scale mail        |    34 |    91 ||   125
Dodge: Dodged            |    19 |    71 ||    90
Block: Buckler           |    19 |    39 ||    58
